 Dungeon Crawl Stone Soup version 0.20-a0-555-gf6ae02d (webtiles) character file.

3088 Minion the Conjurer (level 9, -1/62 HPs)
             Began as a Green Draconian Conjurer on Feb 8, 2017.
             Was a Believer of Vehumet.
             Killed from afar by Erica (32 damage)
             ... with an orb of energy
             ... on level 8 of the Dungeon.
             The game lasted 00:25:39 (9472 turns).

Minion the Conjurer (Green Draconian Conjurer)      Turns: 9472, Time: 00:25:40

Health: -1/62      AC: 10    Str: 10    XL:     9   Next: 59%
Magic:  17/18      EV: 15    Int: 18    God:    Vehumet [**....]
Gold:   357        SH:  0    Dex: 13    Spells: 19/21 levels left

rFire    . . .     SeeInvis .   g - +3 dagger (venom)
rCold    . . .     Gourm    .   (armour unavailable)
rNeg     + . .     Faith    .   (no shield)
rPois    +         Spirit   .   (helmet restricted)
rElec    .         Reflect  .   n - +0 cloak
rCorr    .         Harm     .   (no gloves)
MR       .....                  i - +1 pair of boots
Stlth    +.........             (no amulet)
Regen    0.2/turn               (no ring)
                                F - ring of positive energy

@: confused
A: breathe noxious fumes, unfitting armour, poison resistance, cold-blooded, AC
+7
a: Breathe Noxious Fumes, Renounce Religion


You were on level 8 of the Dungeon.
You worshipped Vehumet.
Vehumet was pleased with you.
You were very hungry.

You visited 2 branches of the dungeon, and saw 9 of its levels.

You collected 357 gold pieces.

Inventory:

Hand Weapons
 g - a +3 dagger of venom (weapon)
 x - a +0 glaive
Armour
 i - a +1 pair of boots (worn)
 n - a +0 cloak (worn)
Jewellery
 F - a ring of positive energy (left hand)
Wands
 r - a wand of random effects (7/48)
 u - a wand of iceblast (11/15)
 v - a wand of flame (22/48)
 B - a wand of polymorph (14/24)
Scrolls
 d - 2 scrolls of recharging
 e - a scroll of enchant armour
 j - 3 scrolls of remove curse
 o - 3 scrolls of teleportation
 w - a scroll of blinking {unknown}
 y - 2 scrolls of amnesia {unknown}
 A - a scroll of magic mapping
 E - a scroll of immolation {unknown}
 G - 2 scrolls of fear {unknown}
 H - 2 scrolls of identify
 I - a scroll of random uselessness {unknown}
Potions
 f - a potion of agility {unknown}
 h - 4 potions of berserk rage
 k - a potion of might
 l - a potion of lignification
 p - 2 potions of flight
 z - 2 potions of brilliance {unknown}
 C - 3 potions of curing
 D - a potion of resistance {unknown}
Books
 a - a book of Conjurations

   Spells                             Type                      Level
   a - Magic Dart                     Conjuration                  1
   b - Searing Ray                    Conjuration                  2
   c - Dazzling Spray                 Conjuration/Hexes            3
   d - Fulminant Prism                Conjuration/Hexes            4
   e - Iskenderun's Mystic Blast      Conjuration                  4
   f - Iskenderun's Battlesphere      Conjuration/Charms           5
 s - a book of Callings

   Spells                             Type                      Level
   a - Summon Small Mammal            Summoning                    1
   b - Call Imp                       Summoning                    2
   c - Call Canine Familiar           Summoning                    3
   d - Summon Guardian Golem          Hexes/Summoning              3
   e - Summon Lightning Spire         Summoning/Air                4
   f - Summon Ice Beast               Ice/Summoning                4
 t - a book of Battle

   Spells                             Type                      Level
   a - Infusion                       Charms                       1
   b - Shroud of Golubria             Charms/Translocation         2
   c - Song of Slaying                Charms                       2
   d - Spectral Weapon                Hexes/Charms                 3
   e - Regeneration                   Charms/Necromancy            3
Comestibles
 b - 6 bread rations
 c - 4 fruits
 m - 3 royal jellies
 q - 2 meat rations


   Skills:
 + Level 6.6 Short Blades
 + Level 6.3 Dodging
 - Level 1.7 Stealth
 - Level 0.4 Unarmed Combat
 + Level 6.5 Spellcasting
 + Level 7.8 Conjurations


You had 19 spell levels left.
You knew the following spells:

 Your Spells              Type           Power        Failure   Level  Hunger
a - Magic Dart            Conj           ####         1%          1    None
b - Shock                 Conj/Air       ###.         1%          1    None


Dungeon Overview and Level Annotations

Branches:
Dungeon (8/15)             Temple (1/1) D:4            Lair (0/6) D:8

Altars:
Cheibriados
Dithmenos
Elyvilon
Fedhas
Gozag
Hepliaklqana
Makhleb
Nemelex Xobeh
Okawaru
Ru
Sif Muna
Trog
Vehumet
Xom
Yredelemnul
The Shining One

Annotations:
D:8 Erica


Innate Abilities, Weirdness & Mutations

You can breathe blasts of noxious fumes.
Your lurid green scales are hard. (AC +7)
You cannot fit into any form of body armour.
Your system is resistant to poisons. (rPois)
You are cold-blooded and may be slowed by cold attacks.


Message History

You bump into the rock wall.
Erica barely misses you.
You hit Erica.
Erica looks as sick as possible!
Erica is moderately wounded.
You feel less confused.
You hit Erica but do no damage.
Erica looks as sick as possible!
Erica is moderately wounded.
Erica says, "I'm so much better than you."
Erica points at you and mumbles some strange words.
You are confused.
You're too confused to move!
Erica points at you and mumbles some strange words.
The bolt of poison hits you! You resist.
You bump into the rock wall.
Erica hits you but does no damage.
You miss Erica.
Erica is heavily wounded.
You bump into the rock wall.
Erica casts a spell at you. The orb of energy hits you!
Ouch! That really hurt!
You die...

#......#.##.....# #.
#...##.#.##.....# #.
#......#.##.....# #.
#..##..#.####.### #.
#......#.##...## #.
##.......#.##..## #.
##.#.##..###.#.# ##
### #.#.##...#.#..# #
..# #.#.@@...#>.#.###
# #.#
#.####..........#####
#.##### #.#
#.##...###......
#.....#######..
...###..# ####.##
#.###.......## #####
##.## #.## #.#
###.###.#### #...#
#.## ..# #.# #....#
#...# #.## #.# #.#
#.##.# #...# #.## ..#
#.# #.##.# #...# #...


You could see Erica.

Vanquished Creatures
  The ghost of Execuda the Digger, a novice GrEE of Vehumet (D:5)
  A hippogriff (D:7)
  Sigmund (D:3)
  Eustachio (D:6)
  A water moccasin (D:8)
  A phantom (D:7)
  2 sky beasts
  4 ogres
  A centaur (D:6)
  A bullfrog (D:7)
  A water moccasin skeleton (D:7)
  4 howler monkeys
  4 crimson imps
  A bullfrog skeleton (D:8)
  4 jellies
  7 orc priests
  3 hounds
  Jessica (D:3)
  Ijyb (D:3)
  Terence (D:2)
  An iguana (D:5)
  7 orc wizards
  4 worker ants
  2 hound skeletons
  4 gnolls (D:4)
  4 adders
  3 shadow imps
  2 oozes (D:3)
  An adder skeleton (D:4)
  An adder zombie (D:7)
  4 worms
  2 dart slugs
  6 leopard geckos
  25 orcs
  7 bats
  7 giant cockroaches
  8 goblins
  5 hobgoblins
  18 jackals
  6 quokkas
  2 ball pythons
  9 frilled lizards
  A jackal skeleton (D:7)
  4 kobolds
  3 leopard gecko zombies
  A quokka zombie (D:8)
  6 rats
  A spectral orc (D:6)
185 creatures vanquished.

Notes
Turn   | Place    | Note
-------+----------+-------------------------------------------
     0 | D:1      | Minion the Draconian Conjurer began the quest for the Orb.
     0 | D:1      | Reached XP level 1. HP: 14/14 MP: 3/3
   355 | D:1      | Reached XP level 2. HP: 13/20 MP: 5/5
  1809 | D:2      | Noticed Terence
  1824 | D:2      | Reached XP level 3. HP: 24/26 MP: 1/7
  2644 | D:2      | Killed Terence
  2644 | D:2      | Reached skill level 1 in Short Blades
  2644 | D:2      | Reached XP level 4. HP: 33/33 MP: 4/8
  2923 | D:3      | Found a shimmering altar of Xom.
  2987 | D:3      | Reached XP level 5. HP: 32/38 MP: 7/9
  3032 | D:3      | Noticed Sigmund
  3043 | D:3      | Killed Sigmund
  3043 | D:3      | Reached skill level 5 in Conjurations
  3043 | D:3      | Reached XP level 6. HP: 32/45 MP: 7/11
  3150 | D:3      | Found a bloodstained altar of Trog.
  3370 | D:3      | Noticed Jessica
  3374 | D:3      | Noticed Ijyb
  3377 | D:3      | Killed Jessica
  3397 | D:3      | Killed Ijyb
  3676 | D:4      | Your scales start taking on a lurid green colour.
  3676 | D:4      | Reached XP level 7. HP: 50/50 MP: 11/13
  3676 | D:4      | Gained mutation: Your system is resistant to poisons. (rPois) [Green Draconian growth]
  4216 | D:4      | Found a staircase to the Ecumenical Temple.
  4228 | Temple   | Entered the Ecumenical Temple
  4344 | Temple   | Became a worshipper of Vehumet
  4738 | D:5      | Entered Level 5 of the Dungeon
  5298 | D:5      | Noticed Execuda's ghost (novice GrEE)
  5320 | D:5      | Killed Execuda's ghost
  5320 | D:5      | Reached skill level 6 in Conjurations
  5320 | D:5      | Reached XP level 8. HP: 32/57 MP: 2/15
  5779 | D:6      | Reached skill level 5 in Spellcasting
  5837 | D:6      | Found a basalt altar of Yredelemnul.
  5894 | D:6      | Reached * piety under Vehumet
  5894 | D:6      | Offered knowledge of Shock by Vehumet.
  5916 | D:6      | Reached skill level 5 in Dodging
  5924 | D:6      | Learned a level 1 spell: Shock
  6050 | D:6      | Found a white marble altar of Elyvilon.
  6076 | D:6      | Noticed Eustachio
  6096 | D:6      | Killed Eustachio
  6096 | D:6      | Reached skill level 5 in Short Blades
  6245 | D:6      | Found a sacrificial altar of Ru.
  6869 | D:7      | Reached skill level 7 in Conjurations
  7403 | D:7      | Reached XP level 9. HP: 62/62 MP: 14/17
  8024 | D:7      | Reached ** piety under Vehumet
  8034 | D:7      | Offered knowledge of Sandblast by Vehumet.
  8606 | D:8      | Found a glowing golden altar of the Shining One.
  8997 | D:8      | Found a staircase to the Lair.
  8999 | D:8      | Noticed Erica
  9036 | D:8      | HP: 2/62 [something/bolt of poison (3)]
  9472 | D:8      | Killed from afar by Erica

Vault maps used:
D:1:      lightli_arrival_boilingwater
D:2:      uniq_terence
D:3:      lemuel_crystal_altar, xom_butterflies, first_bread, uniq_sigmund,
          uniq_iyjb, uniq_jessica
D:4:      temple_pool_b
D:6:      kennysheep_little_box, nicolae_overflow_crystal_walls,
          yredelemnul_forgotten_temple_becter, uniq_eustachio
D:7:      serial_column_ruins, column_ruins_open_tiny, column_ruins_open_small,
          column_ruins_grid_1, column_ruins_open_tiny,
          column_ruins_corridor_straight, column_ruins_grid_1,
          column_ruins_corridor_corner
D:8:      overflow_temple_1_default, lair_entry_dummy, uniq_erica
Temple:   regret_index_temple_generic_petals

Skill      XL: |  1  2  3  4  5  6  7  8  9 |
---------------+----------------------------+-----
Dodging        | 2 3 4 5 6 |  6.3
Short Blades   | 1 2 3 4 5 6 |  6.6
Spellcasting   | 3 4 5 6 |  6.5
Conjurations   | 5 6 7 |  7.8
Stealth        | |  1.7
Unarmed Combat | |  0.4

Action                   |  1- 3 |  4- 6 |  7- 9 || total
-------------------------+-------+-------+-------++-------
Melee: Unarmed           |    93 |       |       ||    93
       Tailslap          |    19 |     5 |    33 ||    57
       Short sword       |    94 |       |       ||    94
       Dagger            |    25 |   108 |   290 ||   423
 Cast: Magic Dart        |    24 |     3 |   144 ||   171
       Shock             |       |       |   106 ||   106
  Use: Potion            |     2 |       |     1 ||     3
       Scroll            |       |       |    13 ||    13
 Stab: Sleeping          |     3 |     1 |       ||     4
       Distracted        |       |     1 |       ||     1
  Eat: Chunk             |     6 |     3 |    17 ||    26
Armor: Skin              |    94 |    23 |   141 ||   258
Dodge: Dodged            |   168 |    62 |   224 ||   454
